 Dungeon Crawl Stone Soup version 0.19-b1-5-gdc9fa9d (webtiles) character file.

277154 varam the Spry (level 20, -9/130 HPs)
             Began as a Gargoyle Gladiator on Oct 31, 2016.
             Was an Elder of Okawaru.
             Mangled by an ogre
             ... wielding a +0 giant club
              (14 damage)
             ... while paralysed by a floating eye
             ... on level 1 of the Vaults.
             The game lasted 03:17:32 (50661 turns).

varam the Spry (Gargoyle Gladiator)                Turns: 50661, Time: 03:17:33

Health: -9/130     AC: 43    Str: 20    XL:     20   Next: 39%
Magic:  38/38      EV:  2    Int: 18    God:    Okawaru [****..]
Gold:   360        SH:  0    Dex: 12    Spells: 6 memorised, 14 levels left

rFire  + + .     SeeInvis +     w - +9 lajatang (freeze)
rCold  + + +     Gourm    .     f - +8 fire dragon scales
rNeg   + + +     Faith    .     (shield currently unavailable)
rPois  ∞         Spirit   .     b - +3 hat of Pondering {ponderous, MR+ MP+10 Int+5}
rElec  +         Reflect  .     T - +2 cloak
rCorr  .         Harm     .     q - +0 pair of gloves
MR     ++...     NoTele   +     p - +0 pair of boots of Birdsong {*Corrode rElec rC+++ Str-2} (curse)
Stlth  ..........               r - amulet "Wiptit" {-Tele +Fly rC+ rN+ Regen+}
                                l - ring of positive energy
                                e - ring of see invisible

@: paralysed, flying, slowed, slow
A: big wings, negative energy resistance 1, electricity resistance, unbreathing,
petrification resistance, rot immunity, AC +15
a: Stop Flying, Heroism, Renounce Religion
}: 2/15 runes: decaying, serpentine


You were on level 1 of the Vaults.
You worshipped Okawaru.
Okawaru was greatly pleased with you.
You were not hungry.

You visited 8 branches of the dungeon, and saw 34 of its levels.

You collected 3105 gold pieces.
You spent 2745 gold pieces at shops.

Inventory:

Hand Weapons
 w - a +9 lajatang of freezing (weapon)
 x - the +7 triple crossbow of the Scavenger {freeze, *Corrode rF+ MR++ Int+2}
   (Okawaru gifted it to you on level 4 of the Snake Pit)

   It causes projectiles fired from it to freeze those they strike, causing
   extra injury to most foes and up to half again as much damage against
   particularly susceptible opponents.
   They can also slow down cold-blooded creatures.
   It affects your intelligence (+2).
   It protects you from fire.
   It affects your resistance to hostile enchantments.
   It may corrode you when you take damage.
Missiles
 v - 490 bolts
Armour
 b - the +3 hat of Pondering (worn) {ponderous, MR+ MP+10 Int+5}
   (You took it off Gastronok on level 2 of the Lair of Beasts)

   It affects your intelligence (+5).
   It affects your resistance to hostile enchantments.
   It affects your magic capacity (+10).
 f - +8 fire dragon scales (worn)
 p - the cursed +0 pair of boots of Birdsong (worn) {*Corrode rElec rC+++ Str-2}
   (You found it on level 1 of the Vaults)

   It affects your strength (-2).
   It renders you almost immune to cold.
   It insulates you from electricity.
   It may corrode you when you take damage.
   It has a curse placed upon it.
 q - a +0 pair of gloves (worn)
 N - the +1 pair of boots "Lidikhl Povvi" {Int+2}
   (Okawaru gifted it to you on level 4 of the Snake Pit)

   It affects your intelligence (+2).
 T - a +2 cloak (worn)
Jewellery
 e - a ring of see invisible (left hand)
 l - a ring of positive energy (right hand)
 r - the amulet "Wiptit" (around neck) {-Tele +Fly rC+ rN+ Regen+}
   (You acquired it on level 1 of the Snake Pit)

   [amulet of regeneration]

   It protects you from cold.
   It protects you from negative energy.
   It lets you fly.
   It prevents most forms of teleportation.
   It increases your rate of regeneration.
 s - a +4 ring of protection
 u - an uncursed ring of protection from fire
 Q - a +3 ring of intelligence
Wands
 m - a wand of teleportation (3/9)
 n - a wand of hasting (5/9)
 y - a wand of iceblast (3/15)
 B - a wand of disintegration (13/24)
 D - a wand of heal wounds (3/9)
 W - a wand of digging (19/24)
Scrolls
 a - 5 scrolls of fear
 c - a scroll of fog
 k - a scroll of identify
 o - 3 scrolls of blinking
 G - 11 scrolls of teleportation
 J - 13 scrolls of remove curse (quivered)
Potions
 d - a potion of might
 h - 2 potions of agility
 i - 4 potions of heal wounds
 j - a potion of magic
 t - 11 potions of curing
 F - a potion of ambrosia
 L - 2 potions of cancellation
 M - 3 potions of haste
 O - a potion of invisibility
Miscellaneous
 I - 2 sacks of spiders
Comestibles
 g - 10 fruits
 z - a meat ration
 A - 9 chunks of flesh


   Skills:
 - Level 15.6 Fighting
 - Level 14.0 Staves
 * Level 12.5 Crossbows
 - Level 1.7 Throwing
 - Level 9.2 Armour
 - Level 16.4 Dodging
 - Level 5.7 Spellcasting
 - Level 7.6 Charms
 + Level 10.3 Translocations
 - Level 6.0 Air Magic
 - Level 6.2 Invocations
 - Level 4.0 Evocations


You had 14 spell levels left.
You knew the following spells:

 Your Spells              Type           Power        Failure   Level  Hunger
a - Lesser Beckoning      Tloc           #####.....   1%          3    ##.....
b - Conjure Flame         Conj/Fire      #.......     95%         3    ##.....
c - Passage of Golubria   Tloc           N/A          6%          4    ####...
e - Shroud of Golubria    Chrm/Tloc      #####.....   1%          2    None
q - Blink                 Tloc           N/A          1%          2    None
r - Repel Missiles        Chrm/Air       ####..       3%          2    None


Dungeon Overview and Level Annotations

Branches:
Dungeon (15/15)            Temple (1/1) D:7            Lair (6/6) D:11
  Swamp (4/4) Lair:2        Snake (4/4) Lair:4        Slime (0/5) Lair:5
    Orc (2/2) D:12            Elf (0/3) Orc:2        Vaults (1/5) D:13
 Depths (1/5) D:15

Altars:
Ashenzari
Cheibriados
Elyvilon
Fedhas
Gozag
Kikubaaqudgha
Makhleb
Okawaru
Qazlal
Ru
Sif Muna
Trog
Uskayaw
Vehumet
Xom
Yredelemnul
Zin
The Shining One
Beogh
Jiyva

Shops:
Orc:2 }[[:!   Snake:1 ?

Annotations:
Snake:4 2 exclusions


Innate Abilities, Weirdness & Mutations

You are resistant to torment.
Your stone body is resilient. (AC +15)
You are immune to poison.
Your large and strong wings let you fly indefinitely.
You resist negative energy. (rN+)
You are resistant to electric shocks. (rElec)
You can survive without breathing.
You are immune to petrification.
You are immune to rotting.


Message History

You feel much better. The yaktaur hits you. The shadow wraith hits you!
* * * LOW HITPOINT WARNING * * *
The shadow wraith drains your vigour!
You feel as though you will be slow longer.
The ogre misses you. The two-headed ogre closely misses you.
The two-headed ogre hits you with a giant club.
* * * LOW HITPOINT WARNING * * *
The floating eye gazes piercingly through you!
You suddenly lose the ability to move!
The ogre hits you but does no damage.
The yaktaur hits you but does no damage.
The shadow wraith hits you!
* * * LOW HITPOINT WARNING * * *
The shadow wraith drains your vigour!
You feel as though you will be slow longer.
The ogre hits you with a giant spiked club.
* * * LOW HITPOINT WARNING * * *
The ogre hits you but does no damage.
The two-headed ogre hits you but does no damage. x2
The ogre hits you with a giant club!
You die...

.# #....(.(#..#### .#
##########.!.))..#..#### .#
....(....#.).....#..##.. .#
.........#..)....#..#..( .#
#######...(.#.......#..#... '#
#.....#....(')......#.....# .#
#.....#...G.#..(....####### .#
#.....#..cOW#..(....# .#
#.....#..O@.######### .#
#.....#..OO.# .# ###'###.....# .#
#...........# .# #...........# ##
#######'#####'##################.
............)))................#.
...............................#.
...............................'.


You could see a shadow wraith (invisible), a yaktaur, a two-headed ogre, 3 ogres
and a floating eye shaped shifter.

Vanquished Creatures
  Saint Roka (Snake:2)
  Vashnia (Snake:4)
  Nikola (Swamp:2)
  Rupert (Lair:4)
  Asterion (Vaults:1)
  Gastronok (Lair:2)
  5 thorn hunters
  6 nagarajas
  An orc warlord (Orc:1)
  A fire giant (Depths:1)
  A deep elf sorcerer (Vaults:1)
  A vault warden (Vaults:1)
  Louise (D:15)
  2 ironheart preservers (Vaults:1)
  A stone giant (D:15)
  A dire elephant (Lair:6)
  A fire dragon (Depths:1)
  An ettin (D:15)
  2 yaktaur captains (Vaults:1)
  A deep elf death mage (Vaults:1)
  2 ice dragons
  Harold (Orc:1)
  20 naga warriors
  A rakshasa (Vaults:1)
  2 ghost crabs (Swamp:4)
  27 hydras
  A catoblepas (Lair:6)
  7 anacondas
  6 ogre magi
  13 alligators
  A death knight (D:14)
  4 centaur warriors
  4 tengu warriors
  A deep troll shaman (Lair:6)
  An orc high priest (Orc:2)
  22 naga sharpshooters
  11 death yaks (Lair:6)
  10 shock serpents
  A salamander mystic (Snake:3)
  5 unseen horrors
  3 skeletal warriors
  An iron troll (shapeshifter) (D:14)
  7 naga ritualists
  A sea snake (Lair:2)
  7 swamp dragons
  3 spriggan druids
  A deep elf archer (Vaults:1)
  5 ironbrand convokers
  4 shambling mangroves
  9 orc knights
  10 hill giants
  21 ugly things
  7 lindwurms
  3 human zombies (Vaults:1)
  10 mana vipers
  2 necromancers (Vaults:1)
  5 deep elf magi
  A phantasmal warrior (D:14)
  12 salamanders
  A stone giant zombie (Vaults:1)
  15 orc sorcerers
  An oklob plant (Lair:3)
  A manticore (D:15)
  4 cyclopes
  3 vault sentinels (Vaults:1)
  3 guardian serpents
  Psyche (D:9)
  31 naga magi
  2 centaur zombies
  32 black mambas
  6 elephants
  22 spiny frogs
  3 gargoyles
  Maurice (Orc:2)
  2 torpor snails (Lair:6)
  A centaur skeleton (D:14)
  A komodo dragon (shapeshifter) (Vaults:1)
  A freezing wraith (D:14)
  2 rime drakes
  An efreet (D:14)
  12 yaktaurs
  A redback zombie (D:14)
  10 komodo dragons
  6 trolls
  3 meliai (D:14)
  A harpy zombie (D:14)
  A tengu conjurer (D:14)
  4 polar bears
  A polar bear (shapeshifter) (Vaults:1)
  A harpy skeleton (D:15)
  8 tyrant leeches
  11 two-headed ogres
  15 hornets
  24 slime creatures
  14 hippogriffs
  11 bog bodies
  29 blink frogs
  12 dream sheep
  8 spriggans
  A vampire (D:15)
  62 yaks
  A water elemental (Depths:1)
  3 shadows
  4 wraiths
  5 wyverns
  6 basilisks
  A golden eye (shapeshifter) (D:11)
  A steam dragon (D:14)
  A basilisk (shapeshifter) (Vaults:1)
  6 hungry ghosts
  10 vampire mosquitoes
  7 wargs
  25 insubstantial wisps
  2 mottled dragons
  2 soldier ants
  55 nagas
  25 swamp worms
  22 water moccasins
  Duvessa (D:5)
  6 porcupines
  An elf zombie (Vaults:1)
  32 orc warriors
  2 black bears
  A hornet zombie (Vaults:1)
  13 swamp drakes
  An ice beast (D:14)
  3 sky beasts
  3 eyes of draining (D:14)
  A necrophage (D:14)
  A phantom (D:7)
  11 centaurs
  22 ogres
  5 boggarts (Vaults:1)
  17 wolves
  A wolf (shapeshifter) (Vaults:1)
  11 crocodiles
  3 big kobolds (D:11)
  15 bullfrogs
  A yaktaur skeleton (Vaults:1)
  A water moccasin zombie (D:9)
  Dowan (D:5)
  A wyvern skeleton (D:14)
  A hornet simulacrum (Vaults:1)
  3 scorpions
  10 wights
  3 howler monkeys
  4 electric eels
  7 crimson imps
  5 bullfrog zombies
  8 hounds
  26 orc priests
  Crazy Yiuf (D:4)
  3 jellies
  39 orc wizards
  A bullfrog skeleton (D:6)
  4 iguanas
  Ijyb (D:3)
  Jessica (D:3)
  14 worker ants
  Natasha (thrice) (D:3)
  7 hell rats (Lair:6)
  A killer bee zombie (D:8)
  A hound skeleton (D:5)
  2 worker ant zombies
  3 gnolls (D:7)
  A river rat (D:11)
  16 adders
  2 shadow imps
  An ooze (D:3)
  An adder skeleton (D:7)
  2 worms
  2 dart slugs (D:1)
  7 leopard geckos
  111 orcs
  7 giant cockroaches
  9 goblins
  6 hobgoblins
  3 jackals
  10 kobolds
  6 quokkas
  3 ball pythons
  9 bats
  4 frilled lizards
  15 rats
  A spectral orc (D:5)
1346 creatures vanquished.

Vanquished Creatures (collateral kills)
  A howler monkey (D:8)
1 creature vanquished.

Vanquished Creatures (others)
  An ogre mage (Vaults:1)
  An alligator (Swamp:4)
  A spiny frog (Swamp:2)
  2 vampire mosquitoes (Swamp:3)
  An insubstantial wisp (Swamp:4)
  An orc wizard (Orc:2)
  5 briar patches
  10 fungi
  9 plants
31 creatures vanquished.

Grand Total: 1378 creatures vanquished

Notes
Turn   | Place    | Note
-------+----------+-------------------------------------------
     0 | D:1      | varam the Gargoyle Gladiator began the quest for the Orb.
     0 | D:1      | Reached XP level 1. HP: 12/12 MP: 1/1
    51 | D:1      | Reached XP level 2. HP: 17/17 MP: 2/2
   280 | D:1      | Reached skill level 4 in Staves
   361 | D:1      | Reached XP level 3. HP: 19/21 MP: 3/3
   741 | D:2      | Reached XP level 4. HP: 22/26 MP: 4/4
  1034 | D:2      | Reached skill level 5 in Staves
  1185 | D:2      | Found a glowing golden altar of the Shining One.
  1335 | D:3      | Noticed Jessica
  1349 | D:3      | Killed Jessica
  1606 | D:3      | Reached XP level 5. HP: 30/30 MP: 5/5
  1814 | D:3      | Noticed Natasha
  1824 | D:3      | Killed Natasha
  1824 | D:3      | Reached skill level 6 in Staves
  2081 | D:3      | Found a white marble altar of Elyvilon.
  2340 | D:3      | Found a snail-covered altar of Cheibriados.
  2340 | D:3      | Found a hide-covered altar of Uskayaw.
  2368 | D:3      | Found a glowing silver altar of Zin.
  2368 | D:3      | Found an ancient bone altar of Kikubaaqudgha.
  2398 | D:3      | Noticed Natasha
  2407 | D:3      | Noticed Ijyb
  2422 | D:3      | Killed Natasha
  2422 | D:3      | Reached skill level 3 in Fighting
  2444 | D:3      | Killed Ijyb
  2444 | D:3      | Reached XP level 6. HP: 27/37 MP: 6/6
  2704 | D:3      | Reached skill level 4 in Fighting
  2873 | D:3      | Noticed Natasha
  2881 | D:3      | Killed Natasha
  3206 | D:5      | Entered Level 5 of the Dungeon
  3227 | D:5      | Reached skill level 5 in Fighting
  3244 | D:5      | Reached XP level 7. HP: 36/44 MP: 7/7
  3403 | D:5      | Noticed Duvessa
  3403 | D:5      | Noticed Dowan
  3417 | D:5      | Killed Duvessa
  3424 | D:5      | Killed Dowan
  3424 | D:5      | Reached skill level 7 in Staves
  3753 | D:4      | Found a runed door.
  3935 | D:4      | Noticed Crazy Yiuf
  3948 | D:4      | Killed Crazy Yiuf
  4336 | D:4      | Reached skill level 8 in Staves
  4362 | D:4      | Reached XP level 8. HP: 46/49 MP: 8/8
  4500 | D:5      | Found a sacrificial altar of Ru.
  5087 | D:5      | Found a basalt altar of Yredelemnul.
  5494 | D:6      | Reached skill level 9 in Staves
  5554 | D:6      | Found a burning altar of Makhleb.
  5887 | D:7      | Found a staircase to the Ecumenical Temple.
  5896 | Temple   | Entered the Ecumenical Temple
  5902 | Temple   | Became a worshipper of Warmaster Okawaru
  6191 | D:7      | Found an iron altar of Okawaru.
  6235 | D:7      | Reached skill level 10 in Staves
  6368 | D:7      | Reached * piety under Okawaru
  6784 | D:7      | Reached XP level 9. HP: 54/54 MP: 9/9
  6907 | D:8      | Found an opulent altar of Gozag.
  7081 | D:8      | Reached skill level 1 in Armour
  7294 | D:8      | Reached skill level 2 in Armour
  7341 | D:8      | Reached skill level 3 in Armour
  7479 | D:8      | Found a deep blue altar of Sif Muna.
  7589 | D:9      | Reached skill level 4 in Armour
  7799 | D:9      | Reached skill level 5 in Armour
  7827 | D:9      | Reached skill level 3 in Dodging
  8137 | D:9      | Reached ** piety under Okawaru
  8260 | D:9      | Noticed Psyche
  8271 | D:9      | Killed Psyche
  8271 | D:9      | Reached skill level 4 in Dodging
  8443 | D:10     | Entered Level 10 of the Dungeon
  8463 | D:10     | Noticed a hill giant
  8603 | D:10     | Killed a hill giant
  8603 | D:10     | Reached skill level 5 in Dodging
  8603 | D:10     | Reached XP level 10. HP: 43/59 MP: 8/10
  8717 | D:10     | Got a citrine-encrusted ring mail
  8740 | D:10     | Identified the +4 ring mail of Luqebram {rElec rF+ MR- rCorr} (You found it on level 10 of the Dungeon)
  9001 | D:10     | Reached skill level 6 in Armour
  9087 | D:10     | Reached *** piety under Okawaru
  9094 | D:10     | Reached skill level 6 in Dodging
  9098 | D:10     | Reached skill level 11 in Staves
  9182 | D:10     | Reached skill level 6 in Fighting
  9732 | D:12     | Reached skill level 7 in Armour
  9742 | D:12     | Reached **** piety under Okawaru
  9975 | D:11     | Reached XP level 11. HP: 58/66 MP: 11/11
 10126 | D:11     | Reached skill level 7 in Fighting
 10129 | D:11     | Noticed a harpy
 10129 | D:11     | a raiju changed into a harpy
 10131 | D:11     | a harpy changed into a golden eye
 10295 | D:11     | Reached skill level 12 in Staves
 10336 | D:11     | Noticed a three-headed hydra
 10342 | D:11     | Killed a three-headed hydra
 10342 | D:11     | Reached skill level 7 in Dodging
 10634 | D:11     | Noticed an ice dragon
 10671 | D:11     | Reached skill level 1 in Invocations
 10706 | D:11     | Reached skill level 2 in Invocations
 10909 | D:12     | Reached ***** piety under Okawaru
 10963 | D:12     | Noticed an orc knight
 10965 | D:12     | Noticed a deep elf mage
 11020 | D:11     | Found a staircase to the Lair.
 11169 | Lair:1   | Entered Level 1 of the Lair of Beasts
 11283 | Lair:1   | Reached skill level 13 in Staves
 11510 | Lair:1   | Received a gift from Okawaru
 11513 | Lair:1   | Got a dazzling longbow {god gift}
 11514 | Lair:1   | Identified the +1 longbow "Esad" {flame, rN+ Str+4 Int+2 Dex+2} (Okawaru gifted it to you on level 1 of the Lair of Beasts)
 11705 | Lair:1   | Reached XP level 12. HP: 69/72 MP: 14/14
 11838 | Lair:1   | Reached skill level 14 in Staves
 12293 | Lair:2   | Noticed Fannar
 12301 | Lair:2   | Noticed Fannar
 12301 | Lair:2   | Fannar changed into Fannar the sea snake
 12312 | Lair:2   | Killed Fannar the sea snake
 12312 | Lair:2   | Reached skill level 8 in Armour
 12312 | Lair:2   | Reached skill level 3 in Invocations
 12464 | Lair:2   | Noticed a five-headed hydra
 12499 | Lair:1   | Reached skill level 8 in Fighting
 12661 | Lair:2   | Reached skill level 4 in Invocations
 13246 | D:12     | Got a twisted spear
 13247 | D:12     | Identified the +6 spear "Ogreslayer" {pierce, +Blink +Inv Int+4 Dex-2} (You found it on level 12 of the Dungeon)
 13358 | D:13     | Received a gift from Okawaru
 13358 | D:13     | Reached skill level 5 in Invocations
 13387 | D:13     | Reached skill level 9 in Armour
 13445 | D:12     | Received a gift from Okawaru
 13445 | D:12     | Reached skill level 9 in Fighting
 14471 | Lair:3   | Reached skill level 8 in Dodging
 14828 | Lair:2   | Noticed Gastronok
 14857 | Lair:2   | Killed Gastronok
 14857 | Lair:2   | Reached skill level 9 in Dodging
 14857 | Lair:2   | Reached XP level 13. HP: 68/80 MP: 16/16
 15015 | Lair:2   | Found a staircase to the Swamp.
 15697 | Lair:2   | Reached skill level 10 in Dodging
 16290 | Lair:3   | Received a gift from Okawaru
 16336 | Lair:3   | Found a deep blue altar of Sif Muna.
 17221 | Lair:4   | Reached skill level 11 in Dodging
 17268 | Lair:4   | Found a staircase to the Snake Pit.
 17385 | Lair:4   | Noticed Rupert
 17447 | Lair:6   | Entered Level 6 of the Lair of Beasts
 18137 | Lair:5   | Found a viscous altar of Jiyva.
 18137 | Lair:5   | Found a staircase to the Slime Pits.
 18229 | Lair:4   | Reached skill level 12 in Dodging
 18546 | Lair:5   | Received a gift from Okawaru
 18549 | Lair:5   | Got a fine chain mail {god gift}
 18560 | Lair:5   | Identified the +3 chain mail of Vlad {rCorr Dex+4} (Okawaru gifted it to you on level 5 of the Lair of Beasts)
 18613 | Lair:5   | Gained mutation: Your large and strong wings let you fly indefinitely. [Gargoyle growth]
 18613 | Lair:5   | Reached XP level 14. HP: 62/86 MP: 17/17
 19163 | Lair:6   | Reached skill level 13 in Dodging
 20187 | Lair:6   | Got a jewelled shortbow
 20188 | Lair:6   | Identified the cursed +2 shortbow "Uwynkas" {velocity, rF+ Dex+3} (You found it on level 6 of the Lair of Beasts)
 21271 | Lair:6   | Reached skill level 14 in Dodging
 21474 | Lair:6   | Received a gift from Okawaru
 21734 | Lair:6   | Reached skill level 10 in Fighting
 22085 | Lair:6   | Noticed a dire elephant
 22117 | Lair:6   | Killed a dire elephant
 22266 | Lair:6   | Reached skill level 11 in Fighting
 22275 | Lair:6   | Reached ****** piety under Okawaru
 22286 | Lair:6   | Received a gift from Okawaru
 22286 | Lair:6   | Reached XP level 15. HP: 83/95 MP: 11/18
 22713 | Lair:4   | Reached skill level 12 in Fighting
 22751 | Lair:4   | Killed Rupert
 23132 | D:6      | Got an ancient plate armour
 23143 | D:6      | Identified the +3 plate armour "Forget-Me-Not" {*Slow Int+3} (You found it on level 6 of the Dungeon)
 24008 | D:12     | Reached skill level 13 in Fighting
 24011 | D:12     | Found a roughly hewn altar of Beogh.
 24011 | D:12     | Found a staircase to the Orcish Mines.
 24790 | Orc:1    | Entered Level 1 of the Orcish Mines
 24790 | Orc:1    | Noticed Harold
 24799 | Orc:1    | Killed Harold
 24975 | Orc:1    | Noticed an orc warlord
 25004 | Orc:1    | Killed an orc warlord
 25547 | D:13     | Reached skill level 14 in Fighting
 25578 | D:13     | Gained mutation: Scrolls take you a little longer to read. [mutagenic meat]
 25579 | D:13     | Gained mutation: You are resistant to hostile enchantments. (MR+) [mutagenic meat]
 25580 | D:13     | Gained mutation: You are clumsy. (Dex -2) [mutagenic meat]
 25581 | D:13     | Gained mutation: You have a pair of small antennae on your head. [mutagenic meat]
 25986 | D:13     | Found a gate to the Vaults.
 26273 | D:14     | Gained mutation: You have large cloven feet. [mutagenic meat]
 26274 | D:14     | Gained mutation: You are very clumsy. (Dex -4) [mutagenic meat]
 26275 | D:14     | Lost mutation: You have large cloven feet. [mutagenic meat]
 26276 | D:14     | Gained mutation: Your spells are a little easier to cast, but a little less powerful. [mutagenic meat]
 26277 | D:14     | Lost mutation: Your spells are a little easier to cast, but a little less powerful. [mutagenic meat]
 26471 | D:15     | Entered Level 15 of the Dungeon
 26540 | D:14     | Received a gift from Okawaru
 27564 | Orc:2    | Entered Level 2 of the Orcish Mines
 27564 | Orc:2    | Found a staircase to the Elven Halls.
 27571 | Orc:2    | Found Tajeutum's Gadget Boutique.
 27581 | Orc:2    | Noticed Maurice
 27592 | Orc:2    | Killed Maurice
 27968 | Orc:1    | Reached skill level 15 in Fighting
 27996 | Orc:2    | Found a roughly hewn altar of Beogh.
 28655 | Orc:2    | Found Esirapu's Antique Armour Boutique.
 28684 | Orc:2    | Found Icso's Book Shop.
 28712 | Orc:2    | Bought a book of Spatial Translocations for 715 gold pieces
 28716 | Orc:2    | Learned a level 3 spell: Lesser Beckoning
 28729 | Orc:2    | Found a radiant altar of Vehumet.
 28740 | Orc:2    | Reached XP level 16. HP: 105/108 MP: 20/20
 28786 | Orc:2    | Reached skill level 1 in Translocations
 28800 | Orc:2    | Found an ancient bone altar of Kikubaaqudgha.
 28812 | Orc:2    | Found a roughly hewn altar of Beogh.
 28812 | Orc:2    | Found Ravipp's Distillery.
 28812 | Orc:2    | Found Exun's Antique Armour Shop.
 28831 | Orc:2    | Reached skill level 6 in Invocations
 28963 | Orc:2    | Bought a potion of heal wounds for 80 gold pieces
 28963 | Orc:2    | Bought 2 potions of heal wounds for 160 gold pieces
 28977 | Orc:2    | Bought a jewelled chain mail for 342 gold pieces
 28987 | Orc:2    | Identified the +4 chain mail of the Doge {rElec MR++ Regen+ Int-2} (You bought it in a shop on level 2 of the Orcish Mines)
 29467 | D:14     | Reached skill level 2 in Translocations
 29510 | D:14     | Found a snail-covered altar of Cheibriados.
 30034 | D:14     | Reached skill level 3 in Translocations
 30312 | D:14     | Reached skill level 4 in Translocations
 30773 | D:14     | Found a shimmering altar of Xom.
 31128 | D:15     | Reached skill level 15 in Dodging
 31154 | D:15     | Reached skill level 5 in Translocations
 31896 | D:15     | Noticed Louise
 31910 | D:14     | Gained mutation: You tend to lose your temper in combat. [mutagenic meat]
 32468 | D:15     | Found a staircase to the Depths.
 32507 | D:15     | Lost mutation: Scrolls take you a little longer to read. [mutagenic meat]
 32508 | D:15     | Gained mutation: You are dopey. (Int -2) [mutagenic meat]
 32509 | D:15     | Lost mutation: You are resistant to hostile enchantments. (MR+) [mutagenic meat]
 32510 | D:15     | Gained mutation: You are partially covered in large bone plates. (SH +4) [mutagenic meat]
 32542 | D:15     | Killed Louise
 32953 | D:15     | Found a stormy altar of Qazlal.
 33413 | D:11     | Learned a level 2 spell: Blink
 33418 | D:11     | Learned a level 4 spell: Passage of Golubria
 33421 | D:11     | Learned a level 2 spell: Shroud of Golubria
 33546 | Orc:2    | Bought a wand of teleportation (4/9) for 240 gold pieces
 33546 | Orc:2    | Bought a wand of hasting (4/9) for 480 gold pieces
 33718 | Swamp:1  | Entered Level 1 of the Swamp
 33735 | Swamp:1  | Noticed a thorn hunter
 33759 | Swamp:1  | Killed a thorn hunter
 33759 | Swamp:1  | Received a gift from Okawaru
 33759 | Swamp:1  | Reached skill level 1 in Charms
 33833 | Swamp:1  | Got a faintly humming ring mail
 33844 | Swamp:1  | Identified the +1 ring mail of Duck's Teeth {rPois rF- rN+ Int+2} (You found it on level 1 of the Swamp)
 34018 | Swamp:1  | Reached skill level 2 in Charms
 34457 | Swamp:1  | Received a gift from Okawaru
 34462 | Swamp:1  | Reached XP level 17. HP: 93/113 MP: 21/21
 34545 | Swamp:1  | Reached skill level 3 in Charms
 34545 | Swamp:1  | Reached skill level 6 in Translocations
 34609 | Swamp:1  | Identified a +2 rod of ignition (10/10) (You found it on level 1 of the Swamp)
 34617 | Swamp:1  | Learned a level 2 spell: Repel Missiles
 35350 | Swamp:2  | Reached skill level 4 in Charms
 35631 | Swamp:2  | Noticed Nikola
 35690 | Swamp:2  | Killed Nikola
 35690 | Swamp:2  | Reached skill level 7 in Translocations
 35769 | Swamp:2  | Reached skill level 5 in Charms
 36152 | Swamp:2  | Received a gift from Okawaru
 36808 | Swamp:3  | Gained mutation: Your flesh is cold resistant. (rC+) [potion of mutation]
 36808 | Swamp:3  | Lost mutation: You are partially covered in large bone plates. (SH +4) [potion of mutation]
 36808 | Swamp:3  | Gained mutation: Your muscles are strong. (Str +2) [potion of mutation]
 37124 | Swamp:4  | Entered Level 4 of the Swamp
 37154 | Swamp:3  | Received a gift from Okawaru
 37383 | Swamp:4  | Reached skill level 8 in Translocations
 37701 | Swamp:3  | Reached skill level 6 in Charms
 39221 | Swamp:4  | Reached skill level 7 in Charms
 39230 | Swamp:4  | Reached skill level 16 in Dodging
 39289 | Swamp:4  | Reached skill level 9 in Translocations
 39321 | Swamp:4  | Received a gift from Okawaru
 39550 | Swamp:4  | Reached XP level 18. HP: 68/120 MP: 22/22
 40051 | Swamp:4  | Learned a level 3 spell: Conjure Flame
 40064 | Swamp:4  | Got a decaying rune of Zot
 40489 | Depths:1 | Entered Level 1 of the Depths
 40617 | Depths:1 | Reached skill level 1 in Air Magic
 40617 | Depths:1 | Reached skill level 1 in Evocations
 40752 | D:15     | Lost mutation: Your flesh is cold resistant. (rC+) [potion of mutation]
 40752 | D:15     | Lost mutation: You tend to lose your temper in combat. [potion of mutation]
 40752 | D:15     | Gained mutation: You have a pair of antennae on your head. [potion of mutation]
 41438 | D:15     | Reached skill level 2 in Evocations
 41674 | Snake:1  | Entered Level 1 of the Snake Pit
 41677 | Lair:4   | Identified a scroll of acquirement
 42000 | Snake:1  | Reached skill level 2 in Air Magic
 42035 | Snake:1  | Found Tafeuts's Magic Scroll Shop.
 42102 | Snake:1  | Reached skill level 3 in Evocations
 42508 | Snake:1  | Bought a scroll of acquirement for 728 gold pieces
 42522 | Snake:1  | Got a heavily runed crystal amulet
 42523 | Snake:1  | Identified the amulet "Wiptit" {-Tele +Fly rC+ rN+ Regen+} (You acquired it on level 1 of the Snake Pit)
 42754 | Snake:1  | Reached skill level 3 in Air Magic
 42807 | Snake:1  | Received a gift from Okawaru
 42972 | Snake:1  | Reached skill level 4 in Evocations
 43616 | Snake:2  | Reached skill level 1 in Crossbows
 43650 | Snake:2  | Noticed Saint Roka
 43655 | Snake:2  | Reached skill level 4 in Air Magic
 43684 | Snake:2  | Killed Saint Roka
 43684 | Snake:2  | Reached skill level 2 in Crossbows
 43843 | Snake:2  | Reached skill level 3 in Crossbows
 44253 | Snake:2  | Reached skill level 5 in Air Magic
 44366 | Snake:2  | Reached skill level 4 in Crossbows
 44395 | Snake:2  | Reached skill level 1 in Spellcasting
 45078 | Snake:2  | Reached skill level 5 in Crossbows
 45368 | Snake:3  | Reached XP level 19. HP: 101/124 MP: 23/23
 45588 | Snake:3  | Reached skill level 2 in Spellcasting
 45593 | Snake:3  | Received a gift from Okawaru
 45989 | Snake:3  | Reached skill level 6 in Crossbows
 46726 | Snake:4  | Entered Level 4 of the Snake Pit
 46758 | Snake:4  | Received a gift from Okawaru
 46762 | Snake:4  | Got a fine triple crossbow {god gift}
 46770 | Snake:3  | Identified the +7 triple crossbow of the Scavenger {freeze, *Corrode rF+ MR++ Int+2} (Okawaru gifted it to you on level 4 of the Snake Pit)
 47159 | Snake:3  | Reached skill level 3 in Spellcasting
 47212 | Snake:4  | Reached skill level 7 in Crossbows
 47318 | Snake:4  | Reached skill level 6 in Air Magic
 47548 | Snake:4  | Found a basalt altar of Yredelemnul.
 47556 | Snake:4  | Noticed Vashnia
 47578 | Snake:4  | Killed Vashnia
 47578 | Snake:4  | Reached skill level 8 in Crossbows
 47592 | Snake:4  | Reached skill level 4 in Spellcasting
 47863 | Snake:4  | Received a gift from Okawaru
 47877 | Snake:4  | Reached skill level 9 in Crossbows
 47935 | Snake:4  | Got a pair of spiked boots {god gift}
 47951 | Snake:4  | Identified the +1 pair of boots "Lidikhl Povvi" {Int+2} (Okawaru gifted it to you on level 4 of the Snake Pit)
 48055 | Snake:4  | Reached skill level 5 in Spellcasting
 48249 | Snake:4  | Reached skill level 10 in Crossbows
 48282 | Snake:4  | Got a bloodstained chain mail
 48304 | Snake:4  | Identified the +1 chain mail of the Echidna {Int+2} (You took it off a salamander on level 4 of the Snake Pit)
 48510 | Snake:4  | Got a serpentine rune of Zot
 48779 | D:11     | Lost mutation: You are very clumsy. (Dex -4) [potion of cure mutation]
 48779 | D:11     | Lost mutation: You are clumsy. (Dex -2) [potion of cure mutation]
 48779 | D:11     | Lost mutation: You have a pair of antennae on your head. [potion of cure mutation]
 48780 | D:11     | Lost mutation: Your muscles are strong. (Str +2) [potion of cure mutation]
 48780 | D:11     | Lost mutation: You have a pair of small antennae on your head. [potion of cure mutation]
 48780 | D:11     | Lost mutation: You are dopey. (Int -2) [potion of cure mutation]
 48936 | Vaults:1 | Entered Level 1 of the Vaults
 49346 | Vaults:1 | Reached skill level 11 in Crossbows
 49499 | Vaults:1 | Reached XP level 20. HP: 109/130 MP: 28/28
 49673 | Vaults:1 | Received a gift from Okawaru
 49888 | Vaults:1 | Noticed Asterion
 49903 | Vaults:1 | Killed Asterion
 50012 | Vaults:1 | Got a pair of polished boots
 50028 | Vaults:1 | Identified the cursed +0 pair of boots of Birdsong {*Corrode rElec rC+++ Str-2} (You found it on level 1 of the Vaults)
 50131 | Vaults:1 | Reached skill level 10 in Translocations
 50138 | Vaults:1 | Reached skill level 12 in Crossbows
 50653 | Vaults:1 | Paralysed by a floating eye for 3 turns
 50660 | Vaults:1 | Paralysed by a floating eye for 4 turns
 50660 | Vaults:1 | HP: 6/130 [shadow wraith (13)]
 50661 | Vaults:1 | Mangled by an ogre

Skill      XL: |  1  2  3  4  5  6  7  8  9 10 11 12 13 14 15 16 17 18 19 20 |
---------------+-------------------------------------------------------------+-----
Staves         | 4 5 6 8 10 11 13 14 | 14.0
Fighting       | 3 5 6 7 9 11 15 | 15.6
Armour         | 5 7 9 |  9.2
Dodging        | 5 6 7 9 12 14 15 16 | 16.4
Invocations    | 2 5 6 |  6.2
Translocations | 5 9 10 | 10.3
Charms         | 2 7 |  7.6
Air Magic      | 5 6 |  6.0
Evocations     | 4 |  4.0
Crossbows      | 5 11 12 | 12.5
Spellcasting   | 1 5 |  5.7
Throwing       | |  1.7

Action                   |  1- 3 |  4- 6 |  7- 9 | 10-12 | 13-15 | 16-18 | 19-21 || total
-------------------------+-------+-------+-------+-------+-------+-------+-------++-------
Melee: Quarterstaff      |   104 |   219 |   368 |   919 |   554 |   244 |       ||  2408
       Lajatang          |       |       |       |       |  1234 |  1412 |   917 ||  3563
       Triple crossbow   |       |       |       |       |       |       |     2 ||     2
 Fire: Longbow           |       |       |       |       |    11 |       |       ||    11
       Triple crossbow   |       |       |       |       |       |       |    27 ||    27
 Cast: Repel Missiles    |       |       |       |       |       |     6 |     5 ||    11
       Lesser Beckoning  |       |       |       |       |       |     4 |     5 ||     9
       Shroud of Golubri |       |       |       |       |       |     4 |     6 ||    10
       Passage of Golubr |       |       |       |       |       |       |     1 ||     1
Invok: Heroism           |       |       |     1 |    24 |    34 |    37 |    18 ||   114
       Finesse           |       |       |       |     1 |     8 |     8 |     6 ||    23
 Abil: Fly               |       |       |       |       |     1 |       |       ||     1
Evoke: Wand              |       |       |       |     1 |     5 |     1 |     5 ||    12
       Rod               |       |       |       |       |     3 |       |       ||     3
  Use: Scroll            |       |       |       |    10 |     9 |    41 |    11 ||    71
       Potion            |       |       |       |     5 |     3 |     2 |     3 ||    13
 Stab: Paralysed         |       |       |     3 |       |       |       |       ||     3
       Petrifying        |       |       |     1 |     2 |       |       |       ||     3
       Petrified         |       |       |       |     1 |       |       |       ||     1
       Confused          |       |       |       |     2 |       |       |       ||     2
       Sleeping          |       |       |       |       |     1 |       |       ||     1
  Eat: Chunk             |       |     8 |    16 |    24 |    50 |    41 |    11 ||   150
       Bread ration      |       |       |       |     2 |       |     1 |       ||     3
       Fruit             |       |       |       |     1 |     6 |    10 |     3 ||    20
       Pizza             |       |       |       |       |     1 |     1 |       ||     2
       Meat ration       |       |       |       |       |       |     1 |     1 ||     2
       Beef jerky        |       |       |       |       |       |     1 |     1 ||     2
       Royal jelly       |       |       |       |       |       |     1 |       ||     1
Armor: Leather armour    |    44 |    21 |       |       |       |       |       ||    65
       Scale mail        |       |   100 |   185 |   113 |       |       |       ||   398
       Skin              |       |       |       |     1 |       |       |       ||     1
       Mottled dragon sc |       |       |       |   226 |   379 |   476 |       ||  1081
       Chain mail        |       |       |       |       |   170 |       |       ||   170
       Robe              |       |       |       |       |    74 |       |       ||    74
       Swamp dragon scal |       |       |       |       |       |   232 |       ||   232
       Fire dragon scale |       |       |       |       |       |   164 |   584 ||   748
Dodge: Dodged            |    75 |   128 |   171 |   425 |  1198 |  1193 |   694 ||  3884
       Deflected         |       |       |       |       |       |     9 |    24 ||    33
Block: Other             |       |       |       |       |       |    62 |       ||    62
